[Event "Titled Tuesday Blitz December 13 Early 2022"]
[White "Hrabinska, Myroslava"]
[Black "Vianello, Enrico"]
[WhiteFideId "14109190"]
[BlackFideId "810738"]
[WhiteElo "2171"]
[BlackElo "2091"]
[Result "1-0"]
[Round "05"]
[TimeControl "180+1"]
[Date "2022.12.14"]
[WhiteClock "0:00:02"]
[BlackClock "0:00:03"]

1. e4 d6 2. d4 Nf6 3. Nc3 e5 4. dxe5 dxe5 5. Qxd8+ Kxd8 6. Bc4 Ke8 7. Nf3 Bd6 8. Be3 a6 9. a4 b6 10. O-O-O Nbd7 11. Nd5 Nxe4 12. Nxc7+ Bxc7 13. Bd5 Rb8 14. Bxe4 Bb7 15. Bxb7 Rxb7 16. Rd2 Ke7 17. Rhd1 Rd8 18. c4 f6 19. b3 a5 20. Kc2 Nb8 21. Rxd8 Bxd8 22. Rd5 Nc6 23. Bd2 Bc7 24. Bc3 Bd6 25. Nd2 Bb4 26. Ne4 Bxc3 27. Kxc3 h6 28. f3 Ke6 29. Rd6+ Ke7 30. Rxc6 f5 31. Nd2 Kd7 32. Rg6 Ke8 33. c5 bxc5 34. Nc4 Kf8 35. Nxe5 Re7 36. Nc4 Re2 37. h4 Kf7 38. Rc6 Rxg2 39. Rxc5 Rg3 40. Rxf5+ Ke6 41. Rf8 Rh3 42. Rf4 Rh1 43. Nxa5 Ke5 44. Rg4 Kf6 45. Nc4 g6 46. a5 Kf5 47. Kb4 Rh3 48. a6 Rh1 49. a7 Ra1 50. Na5 h5 51. Rg5+ Kf4 52. a8=Q Re1 53. Qd5 Ke3 54. Qd4+ Kxd4 55. Rxg6 Rh1 56. Rd6+ Ke5 57. Nc4+ Kf5 58. Rd5+ Kg6 59. f4 Rxh4 60. Rd6+ Kf5 61. Rd4 Rh1 62. Nd6+ Ke6 63. f5+ Ke5 64. Kc5 h4 65. Re4+ Kf6 66. b4 h3 67. Rh4 h2 68. Rh6+ Kg5 69. Rh8 Rc1+ 70. Nc4 h1=Q 71. Rxh1 Rxh1 72. b5 Kxf5 73. b6 Rb1 74. Nd6+ Ke6 75. Nb5 Kd7 76. b7 1-0


[Site "https://www.chess.com"]

[Event "Titled Tuesday Blitz December 13 Early 2022"]
[White "Iskusnyh, Sergei"]
[Black "Zhigalko, Sergei"]
[WhiteFideId "4120027"]
[BlackFideId "13502956"]
[WhiteElo "2492"]
[BlackElo "2662"]
[Result "0-1"]
[Round "05"]
[TimeControl "180+1"]
[Date "2022.12.13"]
[WhiteClock "0:00:10"]
[BlackClock "0:00:06"]

1. d4 Nf6 2. c4 e6 3. g3 c5 4. Nf3 cxd4 5. Nxd4 Qc7 6. Nc3 a6 7. Bg2 Qxc4 8. O-O Nc6 9. Nb3 d5 10. Bg5 Be7 11. Rc1 Qg4 12. Bf4 O-O 13. Na4 e5 14. Nb6 Rb8 15. Bd2 Be6 16. Nc5 Bxc5 17. Rxc5 Rfd8 18. Re1 h6 19. Qa4 Qxa4 20. Nxa4 Ne4 21. Bxe4 dxe4 22. Be3 Bxa2 23. Nc3 Be6 24. Nxe4 Bf5 25. Nc3 f6 26. f3 Rd7 27. Kf2 Rbd8 28. g4 Be6 29. Ne4 Bd5 30. Ng3 Kf7 31. Rec1 Nb4 32. h4 Bc6 33. Nf5 Nd5 34. h5 Ne7 35. Ng3 Rd1 36. R5c2 R8d7 37. Bb6 Rxc1 38. Rxc1 Nd5 39. Bc5 Nf4 40. Be3 Nd5 41. Nf5 Ne7 42. Ng3 Bb5 43. Rc2 Ba4 44. Rc3 Nd5 45. Rc4 Bb5 46. Rc8 Ne7 47. Rc3 Ke6 48. Nf5 Nxf5 49. gxf5+ Kxf5 50. Rc5 Ke6 51. Rc8 Kf7 52. Rb8 Bc6 53. Bc5 Ke6 54. Be3 Rf7 55. Rg8 Kd7 56. Bc5 Bd5 57. Bf8 e4 58. Rxg7 Ke8 59. Rxf7 Bxf7 60. Bxh6 exf3 61. Kxf3 Bxh5+ 62. Ke3 Kd7 63. Bf4 Ke6 64. Kd2 Kd5 65. e3 Kc4 66. Kc1 Kd3 67. Bd6 Kxe3 68. Be7 f5 69. Bg5+ f4 70. Bh6 Ke4 71. Kd2 Bf7 72. Bg7 f3 73. Ke1 Ke3 74. Bh6+ Kd3 75. Bg7 Bd5 76. Kf2 b6 77. Ke1 b5 78. Bf6 a5 79. Bh4 a4 80. Kd1 Bb3+ 81. Ke1 Kc2 82. Bf6 b4 83. Kf2 Bd5 84. Ke3 a3 85. bxa3 bxa3 0-1


[Site "https://www.chess.com"]

[Event "Titled Tuesday Blitz December 13 Early 2022"]
[White "Javakhishvili, Lela"]
[Black "Todorovic, Bojan"]
[WhiteFideId "13601458"]
[BlackFideId "917087"]
[WhiteElo "2364"]
[BlackElo "2266"]
[Result "1-0"]
[Round "05"]
[TimeControl "180+1"]
[Date "2022.12.14"]
[WhiteClock "0:00:36"]
[BlackClock "0:00:24"]

1. d4 Nf6 2. c4 g6 3. Nc3 Bg7 4. e4 O-O 5. Nf3 d6 6. Be2 Na6 7. Bg5 c6 8. h3 e5 9. d5 h6 10. Be3 Nh5 11. g3 f5 12. exf5 gxf5 13. Nh4 Nf4 14. gxf4 Qxh4 15. dxc6 exf4 16. Bd4 f3 17. Rg1 Rf7 18. Bxf3 Re7+ 19. Ne2 bxc6 20. Bxc6 Rb8 21. Bd5+ Kh7 22. Bxg7 Rxg7 23. Rxg7+ Kxg7 24. Qd2 Nc5 25. O-O-O Qf6 26. Nf4 Kf8 27. Rg1 Be6 28. Rg6 1-0


[Site "https://www.chess.com"]

[Event "Titled Tuesday Blitz December 13 Early 2022"]
[White "Johnson, Ben"]
[Black "Gjestemoen-VonHirsch, Andre"]
[WhiteFideId "2010917"]
[BlackFideId "1539531"]
[WhiteElo "2206"]
[BlackElo "2198"]
[Result "0-1"]
[Round "05"]
[TimeControl "180+1"]
[Date "2022.12.14"]
[WhiteClock "0:00:28"]
[BlackClock "0:00:42"]

1. Nf3 g6 2. e4 Bg7 3. d4 c5 4. c4 Nc6 5. d5 Nd4 6. Nxd4 cxd4 7. Nd2 d6 8. Nf3 Bg4 9. Be2 Rc8 10. Qb3 Qd7 11. O-O Nf6 12. e5 Ne4 13. exd6 exd6 14. Bf4 Nc5 15. Qd1 O-O 16. Re1 Rfe8 17. h3 Bxf3 18. Bxf3 Rxe1+ 19. Qxe1 Nd3 20. Qd2 Nxf4 21. Qxf4 Rxc4 22. Bg4 Qc7 23. Kh2 Be5 0-1


[Site "https://www.chess.com"]

[Event "Titled Tuesday Blitz December 13 Early 2022"]
[White "Kamsky, Gata"]
[Black "Goryachkina, Aleksandra"]
[WhiteFideId "2000024"]
[BlackFideId "4147103"]
[WhiteElo "2666"]
[BlackElo "2484"]
[Result "1-0"]
[Round "05"]
[TimeControl "180+1"]
[Date "2022.12.13"]
[WhiteClock "0:01:14"]
[BlackClock "0:00:06"]

1. d4 Nf6 2. Bf4 d5 3. e3 e6 4. Nf3 Bd6 5. Bxd6 Qxd6 6. c4 O-O 7. Nc3 dxc4 8. Bxc4 a6 9. O-O Nbd7 10. Rc1 b5 11. Be2 Bb7 12. a3 Rfe8 13. b4 Rad8 14. Qb3 e5 15. Rfd1 e4 16. Ng5 Qe7 17. a4 h6 18. Nh3 bxa4 19. Nxa4 Nb6 20. Nf4 Kh7 21. Nc5 Bc8 22. Nxa6 g5 23. Rxc7 Rd7 24. Rxd7 Bxd7 25. Nh5 Nxh5 26. Bxh5 Be6 27. Qc2 Bd5 28. Qc7 Qf6 29. Nc5 Rc8 30. Qe5 Qxe5 31. dxe5 Ra8 32. h3 Kg7 33. Nd7 Nxd7 34. Rxd5 Ra7 35. b5 Kf8 36. Bg4 Nb6 37. Rd4 Ra5 38. Rb4 Ke7 39. Bf5 Nd5 40. Rb3 Ra1+ 41. Kh2 Ra2 42. Bxe4 1-0


[Site "https://www.chess.com"]

[Event "Titled Tuesday Blitz December 13 Early 2022"]
[White "Keymer, Vincent"]
[Black "Ohanyan, Emin"]
[WhiteFideId "12940690"]
[BlackFideId "13312022"]
[WhiteElo "2600"]
[BlackElo "2352"]
[Result "1-0"]
[Round "05"]
[TimeControl "180+1"]
[Date "2022.12.13"]
[WhiteClock "0:01:44"]
[BlackClock "0:00:35"]

1. Nf3 d5 2. e3 Nf6 3. c4 e6 4. Nc3 c5 5. cxd5 exd5 6. Bb5+ Nc6 7. Ne5 Qc7 8. Qa4 Qxe5 9. Bxc6+ Bd7 10. Bxd7+ Nxd7 11. d3 a6 12. O-O O-O-O 13. e4 Nb6 14. Qb3 Qe6 15. Bg5 f6 16. Bf4 c4 17. exd5 cxb3 18. dxe6 bxa2 19. Rfc1 1-0


[Site "https://www.chess.com"]

[Event "Titled Tuesday Blitz December 13 Early 2022"]
[White "Khripachenko, Alexander"]
[Black "Grunberg, Mihai-Lucian"]
[WhiteFideId "54184975"]
[BlackFideId "1204149"]
[WhiteElo "2301"]
[BlackElo "2363"]
[Result "0-1"]
[Round "05"]
[TimeControl "180+1"]
[Date "2022.12.14"]
[WhiteClock "0:00:12"]
[BlackClock "0:00:16"]

1. e4 Nf6 2. e5 Nd5 3. d4 d6 4. Bc4 Nb6 5. Bb3 dxe5 6. Qh5 e6 7. dxe5 Nc6 8. Nf3 g6 9. Qg4 h5 10. Qe4 a5 11. Bg5 Be7 12. Bxe7 Qxe7 13. Nc3 Qb4 14. Qxb4 Nxb4 15. a3 N4d5 16. Ne4 Ke7 17. c4 Nf4 18. O-O a4 19. Ba2 Bd7 20. Nc5 Bc6 21. Ne1 Rhd8 22. f3 Rd2 23. Rf2 Rad8 24. Rb1 Rd1 25. Rxd1 Rxd1 26. Kf1 Ra1 27. b4 axb3 28. Bxb3 Rxa3 29. g3 Nh3 30. Rb2 Ra1 31. Ke2 g5 32. Rd2 g4 33. fxg4 hxg4 34. Rd4 Ng1+ 35. Kf2 Nf3 36. Nxf3 Bxf3 37. h4 Rh1 38. Ne4 Rh2+ 39. Kf1 Nd7 40. Nf2 Nxe5 41. c5 Rg2 42. h5 Rxg3 43. h6 Rg2 44. Bc2 Rh2 45. h7 f5 46. c6 bxc6 0-1


[Site "https://www.chess.com"]

[Event "Titled Tuesday Blitz December 13 Early 2022"]
[White "Kim, Sergey"]
[Black "Samunenkov, Ihor"]
[WhiteFideId "13700570"]
[BlackFideId "14187086"]
[WhiteElo "2593"]
[BlackElo "2442"]
[Result "0-1"]
[Round "05"]
[TimeControl "180+1"]
[Date "2022.12.14"]
[WhiteClock "0:00:03"]
[BlackClock "0:00:06"]

1. d4 Nf6 2. c4 e6 3. Nc3 Bb4 4. Qc2 d5 5. a3 Bxc3+ 6. Qxc3 O-O 7. Nf3 dxc4 8. Qxc4 b6 9. g3 Ba6 10. Qc2 Bb7 11. Bg2 Nbd7 12. O-O Be4 13. Qa4 c5 14. Rd1 Qe7 15. Bf4 Rfc8 16. Rac1 h6 17. dxc5 Nxc5 18. Qb4 Nd5 19. Qe1 Nxf4 20. gxf4 Qf6 21. e3 Qxb2 22. Qb4 Qxb4 23. axb4 Nd3 24. Rxc8+ Rxc8 25. b5 Nb2 26. Ra1 Nc4 27. Nd4 Bxg2 28. Kxg2 Na5 29. Kf3 Rc5 30. Ke4 g6 31. h4 h5 32. Kd3 Kg7 33. Rg1 Nc4 34. Ra1 Nd6 35. Rxa7 Kf6 36. Ra6 Nxb5 37. Rxb6 Nxd4 38. exd4 Rc1 39. Ke3 Kf5 40. Rb5+ Kg4 41. Rb7 f6 42. Rg7 Kf5 43. Ra7 Rc3+ 44. Ke2 Kxf4 45. Ra6 Kf5 46. f3 Rc2+ 47. Ke3 Rh2 48. Ra5+ e5 49. dxe5 fxe5 50. Ra4 Rb2 51. Rc4 Ra2 52. Rb4 Rh2 53. Ra4 g5 54. hxg5 Kxg5 55. Ra5 Kf5 56. Ra4 h4 57. Ra8 Ra2 58. Rh8 Kg5 59. Rg8+ Kf5 60. Rh8 Rh2 61. Rh5+ Kf6 62. Rh8 Kf5 63. Rh5+ Kf6 64. Rh8 h3 65. Rh5 Ke6 66. Rh4 Kf5 67. Rh5+ Kf6 68. Rh6+ Kg5 69. Rh8 Rh1 70. Kf2 Kf4 71. Rh4+ Kg5 72. Rh8 h2 73. Kg2 Ra1 74. Kxh2 Kf4 75. Rf8+ Ke3 76. Kg2 Ra2+ 77. Kg3 Ra7 78. Rg8 Rf7 79. Rg5 Rxf3+ 80. Kg2 e4 81. Rd5 Rf2+ 82. Kg1 Rf8 83. Re5 Kd3 84. Rd5+ Ke2 85. Re5 Rg8+ 86. Kh2 e3 87. Re7 Kf2 88. Rf7+ Ke1 89. Re7 e2 90. Re6 Rd8 91. Kg2 Kd1 92. Kf2 Rf8+ 93. Kg2 e1=Q 0-1


[Site "https://www.chess.com"]

[Event "Titled Tuesday Blitz December 13 Early 2022"]
[White "Kirillov, Dmitry"]
[Black "Putri, Regita Desyari"]
[WhiteFideId "34180572"]
[BlackFideId "7109083"]
[WhiteElo "2111"]
[BlackElo "1930"]
[Result "1-0"]
[Round "05"]
[TimeControl "180+1"]
[Date "2022.12.14"]
[WhiteClock "0:00:48"]
[BlackClock "0:00:05"]

1. e4 e5 2. Nf3 Nc6 3. d4 exd4 4. c3 dxc3 5. Nxc3 d6 6. Bc4 Be7 7. Qb3 Na5 8. Bxf7+ Kf8 9. Qa4 Kxf7 10. Qxa5 c5 11. Qxd8 Bxd8 12. Bf4 Be7 13. O-O-O Bg4 14. Bxd6 Bxf3 15. gxf3 Nf6 16. Bxe7 Kxe7 17. Nd5+ Nxd5 18. Rxd5 Rac8 19. Rhd1 Rc7 20. R1d3 Rf8 21. Kd2 Rf6 22. Rh5 h6 23. Ke3 c4 24. Rc3 a6 25. a4 Rb6 26. Re5+ Kf7 27. Rc2 Rb3+ 28. Kf4 Kg6 29. Rf5 b5 30. axb5 axb5 31. h4 b4 32. h5+ Kh7 33. Rb5 Rf7+ 34. Rf5 Rc7 35. Kg4 g6 36. hxg6+ Kxg6 37. Rb5 c3 38. bxc3 Rbxc3 39. Rb2 Rf7 40. f4 h5+ 41. Rxh5 Rxf4+ 42. Kxf4 Kxh5 43. Rxb4 Kg6 44. f3 Kf6 45. Rb6+ Ke7 46. e5 Rc8 47. Ke4 Rf8 48. f4 Rc8 49. Rb7+ Ke6 50. f5# 1-0


[Site "https://www.chess.com"]

[Event "Titled Tuesday Blitz December 13 Early 2022"]
[White "Kleiman, Jake"]
[Black "Valle Maytin, Luis Enrique"]
[WhiteFideId "2020041"]
[BlackFideId "3503666"]
[WhiteElo "2578"]
[BlackElo "2225"]
[Result "1/2-1/2"]
[Round "05"]
[TimeControl "180+1"]
[Date "2022.12.14"]
[WhiteClock "0:00:17"]
[BlackClock "0:00:16"]

1. Nf3 Nf6 2. g3 g6 3. Bg2 Bg7 4. O-O O-O 5. d3 d5 6. Nbd2 c6 7. e4 Bg4 8. Re1 Re8 9. h3 Bxf3 10. Qxf3 e5 11. Nb3 d4 12. Qe2 Nbd7 13. f4 c5 14. a4 b6 15. Qf2 Qc7 16. Bd2 Rac8 17. Bf1 Qd6 18. f5 Nf8 19. g4 N6d7 20. g5 f6 21. h4 Nb8 22. Bh3 Rcd8 23. Rf1 Nfd7 24. Qe2 Rf8 25. fxg6 hxg6 26. h5 fxg5 27. Bxg5 Rxf1+ 28. Rxf1 Rf8 29. hxg6 Qxg6 30. Rxf8+ Nxf8 31. Qg2 Nc6 32. Bf5 Qd6 33. Nd2 Na5 34. b3 Nh7 35. Bh4 Qh6 36. Nf3 Qc1+ 37. Kh2 Qf4+ 38. Kh3 Nc6 39. Ng5 Qe3+ 40. Kh2 Qf4+ 41. Kh3 Qe3+ 42. Qg3 Nxg5+ 43. Bxg5 Qxg3+ 44. Kxg3 Nb4 45. Bd8 Nxc2 46. Kf3 Na1 47. Be6+ Kf8 48. Ke2 Nc2 49. Bc7 Nb4 50. Bd6+ Ke8 51. Bf5 Bf6 52. Bc7 Ke7 53. Bg4 Nc6 54. Bc8 Na5 55. Bb8 Nc6 56. Bc7 Ke8 57. Kd2 Bd8 58. Bd6 Be7 59. Bc7 Bd8 60. Bb7 Na5 61. Bxd8 Kxd8 62. Bd5 Kc7 63. Ke2 Kd6 64. Kf3 Nc6 65. Ke2 Nb4 66. Bc4 a6 67. Kd2 Kc6 68. Bf7 b5 69. axb5+ axb5 70. Be8+ Kb6 71. Bd7 Ka5 72. Be8 Na2 73. Bd7 Kb4 74. Kc2 Nc3 75. Bc6 Ne2 76. Bd5 Nf4 77. Bc6 c4 78. bxc4 bxc4 79. dxc4 Kxc4 80. Kd2 Kc5 81. Bb7 Ne6 82. Bd5 Nc7 83. Bb7 Kb6 84. Bc8 Kc6 85. Bf5 Kd6 86. Bg4 Ne6 87. Be2 Nf4 88. Bc4 Kc5 89. Bf7 Kd6 90. Bg8 Ke7 91. Bc4 Kf6 92. Bf1 Kg5 93. Bc4 Kg4 94. Bb5 Kf3 95. Ba6 Kxe4 96. Bb7+ Nd5 97. Bc6 d3 98. Bxd5+ Kxd5 99. Kxd3 e4+ 100. Ke3 Ke5 101. Ke2 Kd4 102. Kd2 e3+ 103. Ke2 Ke4 104. Ke1 Kd3 105. Kd1 e2+ 106. Ke1 Ke3 1/2-1/2


[Site "https://www.chess.com"]

[Event "Titled Tuesday Blitz December 13 Early 2022"]
[White "Kosteniuk, Alexandra"]
[Black "Miller, Luke C"]
[WhiteFideId "4128125"]
[BlackFideId "2096935"]
[WhiteElo "2469"]
[BlackElo "2505"]
[Result "1-0"]
[Round "05"]
[TimeControl "180+1"]
[Date "2022.12.14"]
[WhiteClock "0:02:09"]
[BlackClock "0:01:04"]

1. d4 Nf6 2. c4 g6 3. Nc3 Bg7 4. e4 d6 5. Nf3 O-O 6. Be2 e5 7. O-O Nc6 8. d5 Ne7 9. b4 a5 10. bxa5 Rxa5 11. a4 Ne8 12. Ba3 f5 13. Bb4 Ra8 14. a5 c5 15. dxc6 Nxc6 16. c5 Nxb4 17. Qb3+ d5 18. Qxb4 d4 19. Bc4+ Kh8 20. Nd5 fxe4 21. Nd2 Be6 22. Nb6 Bxc4 23. Qxc4 Ra6 24. Nxe4 Nf6 25. Nd6 Qd7 1-0


[Site "https://www.chess.com"]

[Event "Titled Tuesday Blitz December 13 Early 2022"]
[White "Krzywda, Andrzej"]
[Black "Aldokhin, Ivan"]
[WhiteFideId "1114565"]
[BlackFideId "24115720"]
[WhiteElo "2149"]
[BlackElo "2313"]
[Result "0-1"]
[Round "05"]
[TimeControl "180+1"]
[Date "2022.12.14"]
[WhiteClock "0:00:02"]
[BlackClock "0:00:07"]

1. d4 Nf6 2. c4 g6 3. Nf3 Bg7 4. Nc3 O-O 5. e4 d6 6. Be2 Nc6 7. d5 Nb4 8. O-O Re8 9. Nd4 c5 10. Nf3 e6 11. dxe6 Bxe6 12. Bg5 h6 13. Bh4 Qb6 14. Rb1 Rad8 15. a3 Nc6 16. Nd5 Bxd5 17. exd5 Ne5 18. b4 g5 19. Bg3 Ne4 20. Qc2 Nxg3 21. hxg3 Re7 22. Nxe5 Bxe5 23. Qf5 Bd4 24. Bd3 Re5 25. Qh7+ Kf8 26. Qh8+ Ke7 27. Qxh6 cxb4 28. axb4 Re8 29. c5 dxc5 30. Qh7 cxb4 31. Kh2 Qf6 32. Kg1 Rh8 33. d6+ Kxd6 0-1


[Site "https://www.chess.com"]

[Event "Titled Tuesday Blitz December 13 Early 2022"]
[White "Kulkarni, Vikramaditya"]
[Black "Sankalan Shah"]
[WhiteFideId "5009847"]
[BlackFideId "25600362"]
[WhiteElo "2273"]
[BlackElo "2118"]
[Result "1-0"]
[Round "05"]
[TimeControl "180+1"]
[Date "2022.12.14"]
[WhiteClock "0:01:41"]
[BlackClock "0:01:16"]

1. c4 Nf6 2. Nc3 e6 3. e4 c5 4. e5 Ng8 5. Nf3 Nc6 6. d4 cxd4 7. Nxd4 Nxe5 8. Ndb5 d6 9. Ne4 Nf6 10. Nexd6+ Bxd6 11. Nxd6+ Ke7 12. Nxc8+ Rxc8 13. Qxd8+ Rhxd8 14. b3 Nd3+ 15. Bxd3 Rxd3 16. Ke2 Rcd8 17. Ba3+ Ke8 18. Rhd1 Rxd1 19. Rxd1 Ne4 20. Rxd8+ Kxd8 21. Ke3 Nf6 22. Bb2 Kd7 23. Kf4 Ke7 24. Bd4 b6 25. g4 g6 26. Bxf6+ Kxf6 27. g5+ Ke7 28. Ke5 Ke8 29. Kd6 Kd8 30. b4 1-0


[Site "https://www.chess.com"]

[Event "Titled Tuesday Blitz December 13 Early 2022"]
[White "Kuzmin, Roman"]
[Black "Lewicki, Miroslaw"]
[WhiteFideId "44134932"]
[BlackFideId "1113380"]
[WhiteElo "2180"]
[BlackElo "2191"]
[Result "1-0"]
[Round "05"]
[TimeControl "180+1"]
[Date "2022.12.14"]
[WhiteClock "0:00:19"]
[BlackClock "0:00:11"]

1. e4 c5 2. Nf3 d6 3. d4 cxd4 4. Nxd4 Nf6 5. Nc3 g6 6. Be3 Bg7 7. Be2 a6 8. Qd2 Qc7 9. O-O-O b5 10. f4 Bb7 11. Bf3 Nbd7 12. Nd5 Nxd5 13. exd5 Rc8 14. Kb1 O-O 15. h4 Nb6 16. h5 Nc4 17. Qf2 Nxe3 18. Qxe3 Bxd4 19. Qxd4 Qxc2+ 20. Ka1 Rc4 21. Qe3 Rfc8 22. Rb1 R8c7 23. hxg6 hxg6 24. Be2 Ra4 25. Qh3 Rxa2+ 26. Kxa2 Bxd5+ 27. Ka1 Qa4+ 28. Qa3 Qxf4 29. Rbd1 Bxg2 30. Rhg1 Be4 31. Qg3 Qf6 32. Bd3 Bd5 33. Bxg6 fxg6 34. Rxd5 Kg7 35. Rg5 1-0


[Site "https://www.chess.com"]

[Event "Titled Tuesday Blitz December 13 Early 2022"]
[White "Larina, Maria"]
[Black "Herman, Daniel"]
[WhiteFideId "24113182"]
[BlackFideId "30935008"]
[WhiteElo "1848"]
[BlackElo "1897"]
[Result "1/2-1/2"]
[Round "05"]
[TimeControl "180+1"]
[Date "2022.12.14"]
[WhiteClock "0:01:36"]
[BlackClock "0:02:21"]

1. e4 e6 2. d4 c5 3. Nf3 cxd4 4. Nxd4 a6 5. g3 Nf6 6. Bg2 d5 7. Nc3 Bb4 8. O-O e5 9. Nf5 Bxf5 10. exf5 Bxc3 11. bxc3 O-O 12. Bg5 e4 13. Qd4 Nc6 14. Bxf6 Qxf6 15. Qxf6 gxf6 16. Rfd1 Rfd8 17. c4 dxc4 18. Bxe4 Kf8 1/2-1/2


[Site "https://www.chess.com"]

[Event "Titled Tuesday Blitz December 13 Early 2022"]
[White "Lazavik, Denis"]
[Black "Kopylov, Alexander A."]
[WhiteFideId "13515110"]
[BlackFideId "4164857"]
[WhiteElo "2484"]
[BlackElo "2436"]
[Result "1-0"]
[Round "05"]
[TimeControl "180+1"]
[Date "2022.12.13"]
[WhiteClock "0:00:46"]
[BlackClock "0:00:36"]

1. d4 Nf6 2. c4 e6 3. Nf3 d5 4. g3 Be7 5. Bg2 O-O 6. O-O dxc4 7. Qc2 b5 8. a4 Bb7 9. axb5 a6 10. bxa6 Nxa6 11. Qxc4 c5 12. dxc5 Nxc5 13. Rxa8 Qxa8 14. Nc3 Rc8 15. Qf4 Nfe4 16. Nxe4 Bxe4 17. Be3 Na4 18. Bd4 f6 19. Qg4 Qd5 20. Ng5 f5 21. Bxe4 Qxd4 22. Bxf5 Qxg4 23. Bxg4 Rc2 24. Bxe6+ Kf8 25. Nxh7+ 1-0


[Site "https://www.chess.com"]

[Event "Titled Tuesday Blitz December 13 Early 2022"]
[White "Le Ruyet, Leopold"]
[Black "Skuhala, Barbara"]
[WhiteFideId "645923"]
[BlackFideId "14605465"]
[WhiteElo "2276"]
[BlackElo "2137"]
[Result "1-0"]
[Round "05"]
[TimeControl "180+1"]
[Date "2022.12.14"]
[WhiteClock "0:01:23"]
[BlackClock "0:02:00"]

1. e4 c5 2. Nc3 a6 3. g3 b5 4. Bg2 Bb7 5. Nge2 Nc6 6. O-O d6 7. d4 e6 8. d5 exd5 9. exd5 Ne5 10. a4 b4 11. Ne4 Qc7 12. f4 Ng6 13. f5 Ne5 14. Bf4 f6 15. Bc1 O-O-O 16. Nf4 Re8 17. Ne6 Qd7 18. Bf4 Ne7 19. Bxe5 dxe5 20. d6 Nc6 21. Nxf8 Rhxf8 22. Nxc5 1-0


[Site "https://www.chess.com"]

[Event "Titled Tuesday Blitz December 13 Early 2022"]
[White "Lewtak, Damian"]
[Black "Salinas Herrera, Pablo"]
[WhiteFideId "1141724"]
[BlackFideId "3407128"]
[WhiteElo "2620"]
[BlackElo "2810"]
[Result "1-0"]
[Round "05"]
[TimeControl "180+1"]
[Date "2022.12.14"]
[WhiteClock "0:00:57"]
[BlackClock "0:00:02"]

1. e4 c5 2. Nf3 e6 3. d3 d5 4. Nbd2 Nc6 5. g3 g6 6. Bg2 Nge7 7. O-O Bg7 8. Re1 O-O 9. e5 b5 10. Nf1 a5 11. h4 b4 12. h5 a4 13. N1h2 gxh5 14. Bf4 Ng6 15. c3 a3 16. cxb4 axb2 17. Rb1 Nxb4 18. Rxb2 Nxa2 19. Qa1 Qa5 20. Bd2 Qa4 21. d4 cxd4 22. g4 hxg4 23. Nxg4 Nc3 24. Qc1 Qc4 25. Bh6 d3 26. Qg5 Ne4 27. Rxe4 Qxe4 28. Nf6+ Bxf6 29. Qxf6 Ra1+ 30. Kh2 1-0


[Site "https://www.chess.com"]

[Event "Titled Tuesday Blitz December 13 Early 2022"]
[White "Li, Hui"]
[Black "Seifert, Henryk"]
[WhiteFideId "15400310"]
[BlackFideId "1100963"]
[WhiteElo "1954"]
[BlackElo "2120"]
[Result "1-0"]
[Round "05"]
[TimeControl "180+1"]
[Date "2022.12.14"]
[WhiteClock "0:00:04"]
[BlackClock "0:00:05"]

1. e4 e6 2. d4 d5 3. Nd2 c5 4. exd5 exd5 5. Ngf3 Nc6 6. Bb5 Bd6 7. O-O cxd4 8. Nxd4 Bxh2+ 9. Kxh2 Qh4+ 10. Kg1 Qxd4 11. Nf3 Qxd1 12. Rxd1 Ne7 13. Re1 O-O 14. Bg5 Ng6 15. Rad1 Be6 16. c3 a6 17. Ba4 b5 18. Bb3 h6 19. Be3 Rad8 20. Nd4 Nxd4 21. Bxd4 Rfe8 22. a4 bxa4 23. Bxa4 Re7 24. b4 Rc8 25. Bb3 Rd7 26. Ra1 Rd6 27. Ra5 Nf4 28. g3 Nd3 29. Rea1 Rcc6 30. Ba4 Rc4 31. Bb3 Rcc6 32. f3 h5 33. Kg2 h4 34. Bc2 Nb2 35. gxh4 Nc4 36. Rc5 Rxc5 37. Bxc5 Rc6 38. Bd4 g6 39. Bd3 Bf5 40. Bxf5 gxf5 41. Kg3 Rg6+ 42. Kf4 Nd2 43. b5 axb5 44. Ra8+ 1-0


[Site "https://www.chess.com"]

[Event "Titled Tuesday Blitz December 13 Early 2022"]
[White "Ljukin, Sergei"]
[Black "Hoffmann, Asa"]
[WhiteFideId "14102200"]
[BlackFideId "2001470"]
[WhiteElo "2312"]
[BlackElo "2117"]
[Result "0-1"]
[Round "05"]
[TimeControl "180+1"]
[Date "2022.12.14"]
[WhiteClock "0:00:03"]
[BlackClock "0:01:26"]

1. e4 d6 2. d4 Nf6 3. Nc3 c6 4. f4 Qa5 5. Bd3 e5 6. Nf3 exd4 7. Nxd4 Qb6 8. Bc4 d5 9. exd5 Bc5 10. Nf3 O-O 11. Qd3 Re8+ 12. Ne2 Ng4 13. Qb3 Bf2+ 14. Kf1 cxd5 15. Qxb6 Bxb6 16. Bxd5 Nc6 17. h3 Ne3+ 18. Bxe3 Rxe3 19. Rd1 Bf5 20. Bxc6 bxc6 21. Ned4 Be6 22. Nxe6 Rxe6 23. Nd4 Re4 24. Ne2 Rae8 25. Rd2 Be3 26. Rd3 Bxf4 27. Nxf4 Re1+ 28. Kf2 Rxh1 29. Rd7 Rc1 0-1


[Site "https://www.chess.com"]

[Event "Titled Tuesday Blitz December 13 Early 2022"]
[White "Lopez Idarraga, Daniel Eduardo"]
[Black "Lacasa Diaz, Jose Antonio"]
[WhiteFideId "4405501"]
[BlackFideId "2203375"]
[WhiteElo "2064"]
[BlackElo "2338"]
[Result "1/2-1/2"]
[Round "05"]
[TimeControl "180+1"]
[Date "2022.12.14"]
[WhiteClock "0:00:43"]
[BlackClock "0:00:18"]

1. b3 Nf6 2. Bb2 e6 3. Nf3 d5 4. g3 Be7 5. Bg2 c5 6. O-O Nc6 7. d3 O-O 8. Nbd2 b6 9. e4 a5 10. a4 Ba6 11. Re1 Rc8 12. Ne5 Nxe5 13. Bxe5 dxe4 14. Nxe4 Nxe4 15. Bxe4 Bf6 16. Bxf6 Qxf6 17. Qh5 g6 18. Qf3 Qxf3 19. Bxf3 Rcd8 20. Re5 Rd6 21. Rae1 Rfd8 22. h4 h6 23. g4 Kg7 24. Kg2 Bc8 25. Kg3 f6 26. R5e3 g5 27. hxg5 hxg5 28. Bg2 e5 29. Be4 Rh8 30. Rg1 Rdd8 31. Ree1 Rh4 32. Bf3 Rdh8 33. Rh1 Kf8 34. Rxh4 Rxh4 35. Rh1 Rxh1 36. Bxh1 Ke7 37. Be4 Kd6 38. c4 Bd7 39. Bf5 Bc6 40. f3 Be8 41. Kf2 Bf7 42. Ke3 Be8 43. Bc8 Bc6 44. Bf5 Bb7 45. Be4 Bc8 46. Bd5 Bd7 47. Ke4 Bc8 48. Ba8 Bd7 49. Bb7 Be6 50. Bd5 Bc8 51. Ke3 f5 52. gxf5 Bxf5 53. Be4 Bh3 54. Kf2 Ke7 55. Bg6 Kf6 56. Bh5 Bf5 57. Ke3 Ke7 58. Bg4 Bg6 59. Bc8 Kd6 60. Bb7 Ke6 61. Be4 Bh5 62. Kf2 g4 63. fxg4 Bxg4 64. Bf3 Bf5 65. Ke3 Kf6 66. Bg2 Bg4 67. Bf3 Bf5 68. Be4 Bg4 69. Bf3 Bf5 1/2-1/2


[Site "https://www.chess.com"]

[Event "Titled Tuesday Blitz December 13 Early 2022"]
[White "Madaminov, Mukhiddin"]
[Black "Shuvalova, Polina"]
[WhiteFideId "14210703"]
[BlackFideId "24171760"]
[WhiteElo "2817"]
[BlackElo "2632"]
[Result "1-0"]
[Round "05"]
[TimeControl "180+1"]
[Date "2022.12.14"]
[WhiteClock "0:00:17"]
[BlackClock "0:00:14"]

1. d4 Nf6 2. Nc3 d5 3. Bf4 a6 4. e3 c5 5. dxc5 Nc6 6. a3 e5 7. Bg5 d4 8. exd4 exd4 9. Ne4 Be7 10. Bxf6 gxf6 11. Bd3 Rg8 12. Ng3 Qd5 13. Bxh7 Rh8 14. Be4 Qxc5 15. Nf3 Bg4 16. h3 Be6 17. Qd3 O-O-O 18. O-O-O Ne5 19. Nxe5 fxe5 20. Bf5 Rh6 21. Qf3 Kb8 22. Bxe6 Rxe6 23. Ne4 Qd5 24. Kb1 Rf8 25. g4 f5 26. gxf5 Ref6 27. Qe2 Rxf5 28. Rd3 Bh4 29. f3 Ka8 30. Rg1 R5f7 31. Rg4 Bd8 32. Rb3 Ka7 33. Rg6 Rf4 34. Rd6 Qg8 35. Nc5 R8f7 36. Rxb7+ Rxb7 37. Qxa6+ Kb8 38. Qxb7# 1-0


[Site "https://www.chess.com"]